 Dungeon Crawl Stone Soup version 0.17.1-1-g73c8601 (webtiles) character file.

1744 shmeve the Skirmisher (level 8, -3/73 HPs)
             Began as a Minotaur Berserker on Apr 14, 2016.
             Was an Elder of Trog.
             Slain by an orc warrior
             ... wielding a +1 halberd of pain
              (14 damage)
             ... on level 6 of the Dungeon.
             The game lasted 00:14:47 (4921 turns).

shmeve the Skirmisher (Minotaur Berserker)          Turns: 4921, Time: 00:14:47

Health: -3/73      AC: 16    Str: 23    XL:     8   Next: 77%
Magic:  7/7        EV:  9    Int:  5    God:    Trog [****..]
Gold:   61         SH:  5    Dex: 10    Spells: 0 memorised, 7 levels left

rFire  . . .     SeeInvis .     a - +0 hand axe
rCold  . . .     Clarity  .     o - +0 chain mail
rNeg   . . .     SustAt   .     d - +0 buckler
rPois  +         Gourm    .     (helmet restricted)
rElec  .         Spirit   .     v - +0 cloak {MR+}
rCorr  .         Warding  .     E - +1 pair of gloves
rMut   .         Stasis   .     p - +2 pair of boots
MR     +++..                    (no amulet)
Stlth  ..........               (no ring)
                                D - ring of poison resistance

@: exhausted, regenerating, slowed, very slow, extremely resistant to hostile
enchantments, extremely unstealthy
A: retaliatory headbutt, horns 2
a: Berserk, Trog's Hand, Brothers in Arms, Burn Spellbooks, Renounce Religion


You were on level 6 of the Dungeon.
You worshipped Trog.
Trog was greatly pleased with you.
You were very hungry.

You visited 1 branch of the dungeon, and saw 6 of its levels.

You collected 229 gold pieces.
You spent 168 gold pieces at shops.

Inventory:

Hand Weapons
 a - a +0 hand axe (weapon)
Missiles
 e - 7 javelins (quivered)
Armour
 d - a +0 buckler (worn)
 o - a +0 chain mail (worn)
 p - a +2 pair of boots (worn)
 v - a +0 cloak of magic resistance (worn)
 E - a +1 pair of gloves (worn)
Jewellery
 D - a ring of poison resistance (left hand)
Wands
 F - a wand of random effects (32)
Scrolls
 b - a scroll of random uselessness {unknown}
 f - 2 scrolls of fear {unknown}
 h - 3 scrolls of noise {unknown}
 i - 9 scrolls of identify
 k - a scroll of magic mapping {unknown}
 n - 3 scrolls of enchant weapon {unknown}
 q - a scroll of blinking {unknown}
 s - 3 scrolls of enchant armour {unknown}
 t - 3 scrolls of recharging {unknown}
 y - a scroll of teleportation {unknown}
Potions
 g - a potion of degeneration {unknown}
 j - a potion of agility {unknown}
 l - a potion of resistance {unknown}
 m - 2 potions of haste {unknown}
 u - a potion of invisibility {unknown}
 w - a potion of cure mutation {unknown}
 x - a potion of curing {unknown}
 B - 2 potions of poison {unknown}
 C - a potion of brilliance {unknown}
 G - a potion of flight {unknown}
Comestibles
 c - 6 bread rations
 r - 2 meat rations
 z - a slice of pizza


   Skills:
 * Level 7.5 Fighting
 * Level 6.9 Axes
 + Level 3.3 Throwing
 + Level 5.0 Armour
 + Level 4.2 Dodging
 * Level 6.8 Shields


You had 7 spell levels left.
You didn't know any spells.

Dungeon Overview and Level Annotations

Branches:
Dungeon (6/15)             Temple (0/1) D:6

Altars:
Cheibriados
Elyvilon
Makhleb
Okawaru
Trog
Zin

Shops:
D:5 ?

Annotations:
D:5 Prince Ribbit


Innate Abilities, Weirdness & Mutations

You reflexively headbutt those who attack you in melee.
You have a pair of horns on your head.


Message History

Something smites you!
* * * LOW HITPOINT WARNING * * *
You hit the orc warrior but do no damage.
You headbutt the orc warrior, but do no damage.
The orc warrior is moderately wounded.
You hit the orc priest but do no damage.
Your chain mail prevents you from hitting the orc.
You feel the effects of Trog's Hand fading.
You block the orc's attack. You block the orc warrior's attack.
The orc priest casts a cantrip, but nothing happens.
The orc barely misses you.
You fail to use your ability.
The orc priest hits you but does no damage.
The orc warrior hits you with a halberd of pain.
* * * LOW HITPOINT WARNING * * *
You writhe in agony.
You block the orc's attack.
All of the chunks of flesh in your inventory have rotted away.
Unknown command.
The orc warrior hits you from afar with a halberd of pain!
You die...

#.#.#.# #.#(#.# #.#
#.#)#.# #.# #..)..# #.#
####..# #≈≈ #..)..# #≈#
#.##.## #≈###### # #)##
##≈≈#o..# #.)#
#..@oo.%# ##)#
#.≈≈#)..#
#=####.≈######
#####'###†.....≈##≈≈≈##
........##.####≈≈≈≈≈≈≈;
......>.'.......#####
........###.###.#
........'.....#.#
........###...#.#


You could see an orc warrior, an orc priest and an orc.

Vanquished Creatures
  Sigmund (D:4)
  Eustachio (D:6)
  Menkaure (D:4)
  A sky beast (D:6)
  A phantom (D:4)
  2 ogres (D:5)
  A centaur (D:5)
  A giant frog (D:4)
  An electric eel (D:6)
  2 jellies (D:5)
  Crazy Yiuf (D:4)
  3 orc priests
  3 hounds
  An iguana (D:4)
  2 orc wizards
  3 worker ants
  A gnoll shaman (D:6)
  7 gnolls
  Robin (D:2)
  8 adders
  An adder zombie (D:5)
  2 adder skeletons (D:4)
  6 worms
  2 giant geckos
  24 orcs
  2 ball pythons
  8 bats
  7 giant cockroaches
  17 goblins
  12 hobgoblins
  7 kobolds
  3 quokkas
  A giant gecko skeleton (D:5)
  3 giant newts
  7 jackals (D:5)
  A quokka skeleton (D:5)
  9 rats
154 creatures vanquished.

Notes
Turn   | Place    | Note
--------------------------------------------------------------
     0 | D:1      | shmeve the Minotaur Berserker began the quest for the Orb.
     0 | D:1      | Reached XP level 1. HP: 19/19 MP: 0/0
   271 | D:1      | Reached skill level 4 in Fighting
   282 | D:1      | Reached XP level 2. HP: 27/27 MP: 1/1
   549 | D:1      | Reached ** piety under Trog
   736 | D:2      | Reached skill level 1 in Throwing
   736 | D:2      | Reached XP level 3. HP: 29/33 MP: 2/2
   747 | D:2      | Noticed Robin
   758 | D:2      | Killed Robin
   904 | D:2      | Found a burning altar of Makhleb.
   904 | D:2      | Found an iron altar of Okawaru.
  1023 | D:2      | Found a glowing silver altar of Zin.
  1044 | D:2      | Reached XP level 4. HP: 31/41 MP: 3/3
  1791 | D:2      | Found a snail-covered altar of Cheibriados.
  1795 | D:2      | Reached skill level 5 in Fighting
  1795 | D:2      | Reached *** piety under Trog
  1959 | D:3      | Reached XP level 5. HP: 43/48 MP: 4/4
  2063 | D:3      | Found a faded altar to an unknown god.
  2082 | D:3      | Found a white marble altar of Elyvilon.
  2135 | D:3      | Reached skill level 1 in Shields
  2148 | D:3      | Found a bloodstained altar of Trog.
  2234 | D:3      | Reached **** piety under Trog
  2544 | D:4      | Noticed Menkaure
  2552 | D:4      | Killed Menkaure
  2552 | D:4      | Reached XP level 6. HP: 40/56 MP: 5/5
  2576 | D:4      | Noticed Sigmund
  2596 | D:4      | Killed Sigmund
  2596 | D:4      | Reached XP level 7. HP: 29/61 MP: 6/6
  2619 | D:4      | Noticed a phantom
  2637 | D:4      | Reached skill level 5 in Axes
  2640 | D:4      | Reached skill level 5 in Shields
  2673 | D:4      | Killed a phantom
  2673 | D:4      | Reached skill level 6 in Fighting
  2904 | D:4      | Noticed Crazy Yiuf
  2912 | D:4      | Killed Crazy Yiuf
  3231 | D:5      | Entered Level 5 of the Dungeon
  3348 | D:5      | Reached XP level 8. HP: 71/71 MP: 7/7
  3362 | D:5      | Found Ontalul's Magic Scroll Shop.
  3378 | D:5      | Bought a scroll of identify for 28 gold pieces
  3378 | D:5      | Bought a scroll of identify for 28 gold pieces
  3378 | D:5      | Bought a scroll of identify for 28 gold pieces
  3378 | D:5      | Bought 3 scrolls of identify for 84 gold pieces
  3718 | D:5      | Noticed Prince Ribbit
  4158 | D:5      | Reached skill level 7 in Fighting
  4604 | D:6      | Noticed Eustachio
  4627 | D:6      | Killed Eustachio
  4667 | D:6      | Found a staircase to the Ecumenical Temple.
  4911 | D:6      | Reached skill level 5 in Armour
  4921 | D:6      | Slain by an orc warrior

Action                   |  1- 3 |  4- 6 |  7- 9 || total
-------------------------+-------+-------+-------++-------
Melee: Hand axe          |    64 |   141 |   233 ||   438
Throw: Javelin           |       |       |     8 ||     8
Invok: Berserk           |     1 |     3 |     5 ||     9
       Trog's Hand       |     1 |     2 |     1 ||     4
       Burn Spellbooks   |       |       |     1 ||     1
  Use: Scroll            |     1 |     4 |     4 ||     9
 Stab: Sleeping          |     2 |       |       ||     2
  Eat: Chunk             |     2 |     6 |     9 ||    17
       Meat ration       |       |     1 |       ||     1
